Map: [TLMC15] Curious Minds

Players

Cure

  • Race: Terran Terran

Maru - Winner!

  • Race: Terran Terran

Event: DreamHack SC2 Masters Last Chance 2022

VOD

Have the link to the VOD?

Description

Time

  • Played on: Jan. 16, 2022, 11:47 a.m.
  • Length: 25:42

All games in this series

Show
View Real Time Build Order
Export as new Build Order

Cure Terran 

Build Orders:  

Get SALT Encoding   

  12  0:00  SCV  
  13  0:12  SCV  
  14  0:17  Supply Depot  
  14  0:24  SCV  
  15  0:39  SCV  
  15  0:40  Barracks  
  15  0:42  Refinery  
  16  0:51  SCV  
  16  0:52  Refinery  
  17  1:03  SCV  
  18  1:15  SCV  
  19  1:27  Orbital Command  
  19  1:28  Reaper  
  19  1:31  Supply Depot  
  20  1:42  Factory  
  20  1:53  SCV  
  21  2:00  Barracks Reactor  
  21  2:05  SCV  
  22  2:17  SCV  
  22  2:21  Command Center  
  23  2:26  Hellion  
  26  2:30  SCV  
  26  2:36  Reaper x2  
  28  2:40  Supply Depot  
  28  2:42  SCV  
  29  2:48  Hellion  
  31  2:59  Starport  
  31  3:01  SCV  
  32  3:09  Marine x2  
  32  3:10  Factory Tech Lab  
  34  3:14  SCV  
  35  3:20  Refinery  
  35  3:26  SCV  
  36  3:33  Cyclone  
  41  3:34  Orbital Command  
  41  3:36  Starport Tech Lab  
  41  3:40  Marine x2  
  41  3:42  SCV  
  42  3:54  SCV  
  42  3:55  Raven  
  45  4:01  SCV  
  45  4:02  Marine  
  47  4:03  Marine  
  47  4:05  Supply Depot  
  47  4:06  SCV  
  49  4:11  Siege Tank  
  49  4:16  SCV  
  53  4:18  SCV  
  53  4:23  Supply Depot  
  54  4:26  Marine x2  
  54  4:28  SCV  
  54  4:30  SCV  
  58  4:38  Raven  
  60  4:40  SCV  
  60  4:42  Supply Depot, SCV  
  60  4:45  Marine x2  
  64  4:46  Siege Tank  
  64  4:50  Supply Depot  
  64  4:52  SCV  
  68  4:55  SCV  
  69  5:03  Marine  
  69  5:04  SCV, Marine  
  69  5:07  Supply Depot, SCV  
  73  5:16  Command Center  
  73  5:23  SCV x2  
  73  5:27  Siege Tank  
  78  5:32  Viking x2  
  78  5:34  Marine  
  83  5:37  Refinery  
  83  5:38  Supply Depot  
  83  5:42  SCV x2  
  84  5:52  Marine  
  84  5:54  SCV x2  
  87  6:00  Stimpack, Siege Tank  
  87  6:02  Supply Depot  
  87  6:03  Viking  
  92  6:10  Marine  
  93  6:11  SCV  
  93  6:13  SCV  
  93  6:15  Barracks  
  93  6:17  Barracks  
  95  6:32  Marine, Orbital Command  
  96  6:33  Viking x2  
  96  6:35  Siege Tank  
  96  6:37  SCV x2  
  105  6:49  Engineering Bay x2  
  105  6:50  SCV x2, Marine  
  107  7:02  SCV x3  
  107  7:06  Barracks Reactor  
  107  7:07  Barracks Reactor, Siege Tank  
  113  7:13  Viking x2  
  113  7:14  Marine  
  118  7:20  SCV x2  
  118  7:21  SCV  
  121  7:25  Refinery  
  121  7:26  Refinery  
  121  7:27  Terran Infantry Weapons Level 1, Terran Infantry Armor Level 1  
  119  7:32  SCV x2  
  119  7:33  Supply Depot, SCV  
  119  7:34  Marine  
  123  7:40  Combat Shield  
  123  7:44  Supply Depot  
  123  7:45  Supply Depot  
  123  7:46  SCV x2  
  125  7:54  SCV, Siege Tank, Viking  
  125  7:56  Marine x2  
  133  8:05  Marine x2  
  133  8:06  SCV x2, Viking, Marine, Barracks  
  133  8:07  Barracks  
  133  8:08  SCV  
  141  8:13  Armory  
  141  8:22  SCV x3  
  141  8:26  Command Center  
  144  8:27  Medivac  
  144  8:34  Marine x3  
  149  8:44  Supply Depot  
  149  8:45  Medivac, Siege Tank, SCV x2, Marine  
  149  8:46  Supply Depot x2  
  157  8:50  Sensor Tower  
  157  8:54  Barracks Reactor x2  
  157  8:58  SCV, Marine  
  157  9:04  Sensor Tower  
  157  9:06  Viking, Marine x3  
  157  9:09  Barracks Reactor  
  162  9:10  Factory  
  162  9:15  Viking, Terran Vehicle Weapons Level 1  
  162  9:16  Marine  
  165  9:22  SCV x3  
  165  9:24  Marine x3  
  166  9:25  Siege Tank  
  166  9:28  Terran Infantry Weapons Level 2  
  169  9:33  Supply Depot x2, Marine  
  169  9:34  SCV x2  
  169  9:35  SCV  
  169  9:36  Marine x4  
  177  9:39  Terran Infantry Armor Level 2  
  177  9:41  Marine x2  
  179  9:46  SCV x2  
  179  9:47  SCV  
  182  9:55  Viking x2  
  182  9:57  Refinery x2  
  182  9:58  Siege Tank  
  189  10:04  Planetary Fortress  
  189  10:08  Siege Tank  
  186  10:29  Viking  
  186  10:30  Viking  
  186  10:33  Siege Tank  
  193  10:40  Siege Tank  
  195  10:44  Command Center  
  195  10:53  Orbital Command  
  171  11:05  Siege Tank  
  171  11:09  Marine x6  
  171  11:10  SCV x3  
  173  11:12  Siege Tank  
  175  11:19  SCV  
  175  11:21  Refinery  
  175  11:22  SCV x3  
  179  11:27  Viking x2  
  179  11:28  Starport  
  179  11:29  Terran Vehicle Weapons Level 2  
  179  11:31  Starport, SCV  
  184  11:34  SCV x3  
  184  11:37  Siege Tank  
  190  11:43  SCV  
  190  11:46  SCV x3  
  190  11:49  Siege Tank  
  193  11:55  SCV  
  193  11:57  Viking x2  
  193  11:58  SCV x2  
  200  12:06  Starport Tech Lab  
  200  12:07  Terran Infantry Weapons Level 3, Starport Tech Lab, Terran Infantry Armor Level 3  
  166  12:25  SCV, Planetary Fortress  
  166  12:27  Refinery x2, Viking  
  166  12:29  Command Center  
  166  12:30  Command Center, Viking  
  166  12:31  Viking, Command Center  
  166  12:32  Raven  
  172  12:42  Siege Tank  
  172  12:43  Siege Tank, Marine x4  
  182  12:57  Viking  
  181  13:00  Viking, Armory  
  181  13:02  Starport  
  180  13:11  Raven  
  179  13:15  Viking  
  179  13:16  Sensor Tower  
  179  13:19  Corvid Reactor  
  181  13:20  Starport  
  181  13:26  Command Center  
  181  13:27  Viking  
  182  13:34  Viking  
  184  13:43  Orbital Command  
  184  13:44  Starport Tech Lab  
  184  13:45  Viking  
  186  13:53  Raven  
  184  13:57  Viking  
  184  14:00  Terran Ship Weapons Level 1, Terran Vehicle And Ship Armor Level 1  
  184  14:02  Orbital Command  
  186  14:04  Viking x3  
  192  14:15  Viking  
  192  14:16  Refinery  
  194  14:18  Refinery  
  194  14:21  Siege Tank x2  
  194  14:24  Missile Turret x2  
  198  14:34  Viking  
  198  14:37  Raven  
  198  14:38  Viking x2  
  184  14:40  Marine x4  
  184  14:41  Marine x6  
  184  14:44  Raven  
  172  14:53  Starport Tech Lab  
  172  14:58  Marine x6  
  172  14:59  Marine x4  
  180  15:03  Planetary Fortress  
  180  15:04  Raven  
  181  15:10  Hi-Sec Auto Tracking, Neosteel Armor  
  181  15:12  Raven  
  181  15:14  Medivac  
  185  15:16  Marine x2  
  185  15:20  Raven  
  190  15:29  Siege Tank x2  
  200  15:45  Raven, Viking x2  
  200  15:49  Sensor Tower  
  200  15:54  Command Center  
  200  16:10  Terran Ship Weapons Level 2, Terran Vehicle And Ship Armor Level 2  
  200  16:13  Missile Turret  
  200  16:14  Missile Turret  
  200  16:30  Command Center  
  200  16:33  Command Center  
  200  16:36  Missile Turret  
  200  17:00  Siege Tank  
  181  17:02  Raven x4  
  181  17:04  Siege Tank  
  176  17:14  Missile Turret  
  176  17:15  Missile Turret, Marine x8  
  176  17:17  Medivac x2  
  176  17:21  Fusion Core  
  188  17:32  Siege Tank  
  188  17:36  Marine x6  
  197  17:38  Siege Tank  
  197  17:43  Orbital Command  
  200  17:58  Missile Turret  
  200  18:10  Missile Turret  
  200  18:11  Missile Turret  
  200  18:14  Missile Turret  
  200  18:15  Advanced Ballistics, Sensor Tower  
  200  18:23  Missile Turret  
  200  18:26  Planetary Fortress  
  193  19:11  Raven  
  193  19:12  Raven x2  
  196  19:21  Raven  
  189  19:33  Viking  
  189  19:34  Rapid Reignition System  
  189  19:36  Terran Ship Weapons Level 3, Terran Vehicle And Ship Armor Level 3  
  175  19:54  Raven x3  
  175  19:59  Marine x6  
  176  20:03  Siege Tank x2  
  176  20:04  Raven  
  176  20:06  Marine x4  
  183  20:14  Viking x2  
  173  20:17  Marine x6  
  162  20:34  Marine x6  
  162  20:37  Raven x3  
  162  20:39  Siege Tank  
  171  20:44  Siege Tank, Viking x2  
  171  20:47  Viking  
  180  20:59  Marine x6  
  180  21:00  Marine x4  
  190  21:11  Siege Tank  
  193  21:14  Viking x2  
  193  21:17  Siege Tank, Raven  
  196  21:20  Raven, Viking  
  200  21:27  Marine x5  
  200  21:28  Marine  
  168  21:43  Siege Tank, Marine x4  
  168  21:44  Viking  
  168  21:46  Marine x4  
  168  21:47  Marine x2  
  148  21:49  Siege Tank  
  148  21:51  Viking x2  
  157  22:00  Marine x2  
  157  22:01  Raven x2, Marine x2  
  155  22:04  Marine x2  
  155  22:07  Marine x4  
  161  22:10  Raven  
  161  22:15  Siege Tank  
  162  22:18  Marine x4  
  162  22:21  Siege Tank  
  162  22:22  Marine x2  
  171  22:25  Marine x4  
  174  22:36  Marine x4  
  177  22:40  Marine x2  
  177  22:43  Marine x4  
  138  22:47  Siege Tank  
  138  22:49  Medivac  
  138  22:50  Viking  
  135  22:53  Siege Tank  
  135  22:54  Marine x4  
  135  22:57  Viking, Marine x2  
  139  23:00  Viking x3  
  139  23:01  Marine x4  
  147  23:10  Orbital Command  
  147  23:12  Marine x4  
  151  23:15  Marine x2  
  151  23:19  Marine x4  
  157  23:25  Viking x2  
  154  23:27  Viking  
  154  23:29  Marine x2  
  154  23:30  Viking, Marine x2  
  154  23:33  Marine x2  
  162  23:36  Marine x2  
  162  23:37  Marine x2  
  161  23:43  Siege Tank  
  161  23:47  Marine x4  
  155  23:51  Marine x2  
  155  23:54  Marine x4  
  153  24:05  Marine x4  
  153  24:08  Liberator  
  153  24:09  Marine x2  
  152  24:12  Marine x4  
  149  24:23  Marine x4  
  152  24:27  Marine x2  
  152  24:30  Marine x4  
  118  24:41  Marine x4  
  118  24:44  Marine x2  
  111  24:48  Marine x4  
  111  24:50  Viking x2  
  111  24:51  Viking  
  117  24:59  Marine x4  
  116  25:02  Marine x2  
  118  25:05  Marine x2  
Show
View Real Time Build Order
Export as new Build Order

Maru Terran - Winner!

Build Orders:  

Get SALT Encoding   

  12  0:00  SCV  
  13  0:12  SCV  
  14  0:17  Supply Depot  
  14  0:24  SCV  
  15  0:38  SCV  
  15  0:41  Barracks  
  16  0:45  Refinery  
  16  0:51  SCV  
  16  0:54  Refinery  
  17  1:03  SCV  
  18  1:15  SCV  
  19  1:28  Reaper, Orbital Command  
  20  1:32  Supply Depot  
  20  1:44  Factory  
  20  1:54  SCV  
  21  2:00  Reaper  
  22  2:06  SCV  
  23  2:18  SCV  
  23  2:21  Command Center  
  24  2:28  Hellion  
  26  2:30  SCV  
  26  2:34  Supply Depot  
  26  2:35  Reaper  
  28  2:42  SCV  
  29  2:52  Starport  
  29  2:54  Widow Mine  
  29  2:56  SCV  
  32  3:08  Barracks Reactor, SCV  
  33  3:15  Factory Tech Lab  
  33  3:20  SCV  
  33  3:26  Refinery  
  34  3:30  Starport Tech Lab  
  34  3:32  SCV, Orbital Command  
  34  3:34  Cyclone  
  38  3:44  SCV, Marine x2  
  41  3:49  Supply Depot  
  41  3:57  SCV  
  41  3:58  SCV, Raven  
  45  4:03  Marine x2  
  48  4:10  SCV x2  
  48  4:12  Siege Tank  
  52  4:22  Supply Depot, SCV x2  
  54  4:28  Command Center  
  54  4:30  Marine  
  55  4:32  Marine  
  55  4:35  SCV x2  
  58  4:41  Raven  
  60  4:47  SCV  
  60  4:48  Supply Depot, Refinery  
  60  4:51  SCV  
  62  4:53  Siege Tank  
  62  4:59  SCV  
  65  5:00  Marine x2  
  65  5:03  SCV  
  68  5:11  SCV  
  69  5:16  SCV  
  69  5:18  Supply Depot  
  70  5:23  SCV  
  70  5:25  Siege Tank  
  70  5:28  SCV  
  75  5:33  Supply Depot, Viking  
  77  5:35  SCV  
  77  5:39  Viking  
  77  5:40  SCV, Orbital Command  
  77  5:41  Stimpack, Marine  
  82  5:48  SCV  
  83  5:52  SCV  
  84  5:59  Siege Tank, Marine, Barracks  
  84  6:00  SCV, Barracks  
  89  6:06  Viking  
  89  6:08  SCV x2  
  89  6:09  Viking  
  94  6:17  SCV  
  95  6:20  SCV  
  95  6:24  Engineering Bay  
  95  6:25  Engineering Bay  
  96  6:28  Orbital Command  
  96  6:31  Siege Tank  
  98  6:33  SCV x2  
  100  6:41  Viking x2  
  100  6:45  Supply Depot x2, SCV x2  
  106  6:49  Barracks Reactor x2  
  106  6:55  SCV  
  106  6:56  Terran Infantry Weapons Level 1  
  106  6:57  SCV, Marine  
  106  6:59  SCV  
  106  7:00  Sensor Tower  
  108  7:07  SCV, Terran Infantry Armor Level 1  
  109  7:09  SCV  
  109  7:10  Supply Depot x2  
  109  7:11  SCV  
  109  7:14  Siege Tank  
  109  7:15  Marine  
  113  7:19  SCV  
  113  7:20  Viking  
  113  7:21  SCV  
  117  7:23  SCV  
  117  7:28  Marine  
  117  7:29  Marine x3  
  122  7:31  Supply Depot, SCV  
  122  7:32  Marine  
  122  7:33  SCV  
  122  7:35  SCV, Refinery  
  122  7:36  Refinery  
  125  7:38  Supply Depot, Viking  
  125  7:41  Supply Depot  
  125  7:43  SCV  
  128  7:45  Combat Shield  
  128  7:46  SCV, Marine x2  
  128  7:47  SCV, Marine  
  128  7:50  Marine  
  133  7:54  Barracks  
  133  7:55  SCV, Barracks  
  133  7:58  SCV  
  135  8:03  Siege Tank, Command Center  
  138  8:11  Medivac x2  
  142  8:14  Armory  
  142  8:17  Missile Turret x2  
  142  8:18  Missile Turret, Marine x4  
  146  8:30  Marine  
  147  8:35  Siege Tank  
  147  8:36  Marine x3  
  147  8:37  Marine  
  154  8:41  Supply Depot  
  154  8:42  Barracks Reactor x2  
  154  8:44  Viking x2  
  154  8:48  Marine  
  158  8:53  Marine x2  
  158  8:54  Factory, Marine  
  158  8:55  Marine  
  163  9:03  Terran Infantry Weapons Level 2, Terran Infantry Armor Level 2  
  164  9:10  Terran Vehicle Weapons Level 1  
  164  9:11  Marine x3  
  164  9:13  Marine  
  167  9:19  Marine x4  
  167  9:22  Viking  
  167  9:23  Viking  
  173  9:27  Barracks Reactor  
  173  9:28  Missile Turret x2  
  173  9:29  Marine x2  
  174  9:31  Marine x2  
  174  9:33  Siege Tank  
  177  9:51  Siege Tank  
  177  9:52  Viking, Marine x2  
  181  9:53  Viking  
  181  9:54  Refinery  
  181  9:58  Refinery, Planetary Fortress, Sensor Tower  
  186  10:03  Missile Turret  
  186  10:08  Command Center  
  186  10:10  Marine x2  
  188  10:15  Supply Depot  
  186  10:22  Siege Tank  
  186  10:26  Viking  
  186  10:27  Missile Turret  
  188  10:31  Missile Turret  
  188  10:36  Sensor Tower, Viking  
  188  10:40  Siege Tank, Marine x2  
  188  10:41  Marine x5  
  196  10:49  Starport x2  
  196  10:56  Marine  
  196  10:57  Siege Tank, Marine  
  196  10:59  Marine x3  
  171  11:13  Siege Tank, Marine x2  
  171  11:16  Marine x6  
  171  11:17  Medivac, Marine  
  171  11:18  Medivac  
  176  11:21  Terran Infantry Weapons Level 3  
  176  11:22  Command Center  
  176  11:26  Terran Infantry Armor Level 3  
  176  11:36  Sensor Tower, Starport Tech Lab x2  
  176  11:39  Siege Tank  
  179  11:43  Sensor Tower  
  177  11:53  Siege Tank  
  180  11:59  Medivac x2, Corvid Reactor  
  184  12:07  Raven  
  181  12:15  Sensor Tower  
  181  12:19  Viking  
  181  12:21  Marine x2  
  181  12:22  Siege Tank  
  159  12:25  Marine x3  
  159  12:26  Marine x4  
  159  12:27  Planetary Fortress  
  159  12:28  Viking  
  168  12:33  Refinery  
  168  12:34  Marine  
  168  12:35  Orbital Command  
  168  12:36  Refinery  
  169  12:39  Marine x2  
  169  12:43  Marine  
  171  12:48  Viking  
  171  12:50  Terran Vehicle Weapons Level 2  
  173  12:53  Marine x3  
  173  12:54  Siege Tank, Marine x2  
  181  13:01  Siege Tank  
  179  13:06  Raven x2  
  179  13:11  Marine  
  179  13:12  Refinery, Marine x5  
  189  13:14  Marine x3  
  192  13:21  Viking x2  
  196  13:31  Marine x2  
  198  13:43  Marine x2  
  198  13:47  Armory  
  197  13:58  Starport  
  197  13:59  Starport  
  197  14:05  Missile Turret  
  197  14:06  Missile Turret  
  197  14:11  Viking  
  197  14:13  Neosteel Armor  
  197  14:14  Hi-Sec Auto Tracking  
  194  14:37  Raven, Viking  
  194  14:38  Viking x3  
  175  14:39  Marine x2  
  175  14:40  Marine x4  
  175  14:41  Viking  
  175  14:45  Siege Tank, Marine x4  
  157  14:53  Siege Tank  
  157  14:57  Marine x3  
  157  14:58  Marine x3  
  164  15:07  Viking  
  164  15:12  Marine x4  
  172  15:15  Marine  
  172  15:17  Siege Tank  
  174  15:23  Terran Vehicle Weapons Level 3, Orbital Command  
  174  15:24  Terran Vehicle And Ship Armor Level 1  
  174  15:25  Marine x2  
  174  15:26  Marine  
  174  15:28  Starport, Starport Tech Lab x2  
  172  15:38  Raven x2  
  176  15:49  SCV x2  
  178  15:50  SCV x2, Viking  
  178  15:51  Raven x2  
  178  15:52  Marine  
  184  15:59  Viking  
  184  16:01  Marine  
  184  16:02  Marine x4  
  191  16:11  Sensor Tower  
  191  16:19  Starport Reactor  
  191  16:21  Raven x2  
  191  16:22  Marine x4  
  199  16:29  Command Center  
  199  16:32  Missile Turret x2  
  186  16:56  Raven x2, Viking x3  
  186  16:57  Siege Tank, Marine x2  
  199  17:05  Command Center  
  199  17:07  Marine  
  200  17:14  Raven  
  199  17:18  Terran Ship Weapons Level 1  
  199  17:25  Marine  
  199  17:28  Refinery x2  
  200  17:39  Raven  
  200  17:40  Siege Tank  
  200  17:41  Marine  
  200  17:43  Missile Turret  
  200  17:59  Terran Vehicle And Ship Armor Level 2  
  200  18:03  Planetary Fortress  
  200  18:05  Missile Turret  
  200  18:11  Starport  
  200  18:16  Fusion Core  
  200  18:19  Orbital Command  
  200  18:26  Missile Turret  
  200  18:33  Missile Turret  
  200  18:38  Viking  
  200  19:01  Viking x2  
  200  19:04  Viking  
  200  19:06  Advanced Ballistics  
  195  19:19  Missile Turret  
  195  19:22  Viking x4  
  195  19:23  Missile Turret, Siege Tank x2, Marine  
  195  19:24  Missile Turret, Marine x4  
  195  19:31  Raven  
  195  19:32  Viking, Marine  
  196  19:44  Marine  
  196  19:45  Marine x2  
  189  19:47  Viking x2  
  189  19:52  Raven x2  
  175  19:53  Marine x3  
  175  19:54  Marine x3  
  175  19:55  Siege Tank  
  175  19:56  Siege Tank  
  177  20:00  Raven, Viking, Marine  
  177  20:02  Marine x2  
  177  20:03  Marine  
  177  20:06  Medivac  
  184  20:14  Raven, Marine x3  
  174  20:15  Terran Ship Weapons Level 2, Terran Vehicle And Ship Armor Level 3  
  174  20:17  Medivac, Viking  
  183  20:26  Rapid Reignition System  
  183  20:28  Siege Tank  
  174  20:30  Viking  
  174  20:32  Marine  
  174  20:33  Siege Tank, Marine x9  
  174  20:35  Viking x2  
  187  20:36  Viking  
  189  20:43  Viking  
  189  20:47  Viking x2  
  195  20:50  Marine  
  195  20:51  Marine x4  
  200  20:57  Sensor Tower  
  200  21:17  Missile Turret  
  193  21:29  Viking x2  
  184  21:34  Siege Tank x2  
  187  21:43  Viking x2, Marine x2  
  187  21:44  Viking x2, Marine  
  164  21:49  Marine  
  164  21:50  Marine x4  
  164  21:54  Marine x2  
  168  22:00  Missile Turret, Marine  
  167  22:06  Siege Tank x2, Marine x2  
  167  22:07  Raven x2, Marine x2  
  167  22:08  Viking x2, Marine  
  184  22:13  Raven  
  186  22:16  Marine x4  
  186  22:18  Marine  
  191  22:24  Marine x2  
  191  22:25  Marine x2  
  195  22:30  Viking x2  
  197  22:38  Siege Tank x2  
  197  22:39  Marine  
  197  22:40  Marine x5  
  197  22:42  Marine x2  
  197  22:43  Marine x2  
  178  22:47  Viking  
  178  22:49  Orbital Command  
  164  22:55  Viking  
  164  22:57  Viking, Marine  
  164  22:58  Marine x2  
  165  23:06  Raven, Viking  
  169  23:17  Raven x2  
  173  23:26  Raven  
  164  23:45  Viking  
  164  23:46  Viking x2  
  164  23:47  Siege Tank x2  
  157  23:51  Marine x5  
  157  23:52  Marine  
  157  23:55  Marine x2  
  157  23:57  Marine  
  157  24:00  Marine  
  161  24:09  Marine x2  
  147  24:13  Marine x4  
  147  24:19  Siege Tank  
  147  24:20  Siege Tank, Viking x2  
  147  24:21  Marine x3  
  160  24:27  Marine x3  
  160  24:31  Marine  
  152  24:45  Viking  
  143  24:46  Marine x3  
  143  24:47  Marine x4  
  143  24:52  Siege Tank x2  
  153  24:59  Viking  
  151  25:01  Marine x2  

Tags
 
Add a new tag
Caveats
  • Supply blocks, unpowered buildings, or Contaminate may cause inaccurate times.
  • Supply counts are checked every 10 seconds.